[Event "Gibraltar Challengers B 2019"]
[Site "Caleta"]
[Date "2019.01.26"]
[Round "1"]
[White "Villar Reymundo, Juan Antonio"]
[Black "Ungureanu, Sandu"]
[Result "1-0"]
[ECO "D10"]
[WhiteElo "2237"]
[BlackElo "2057"]
[Annotator "NA"]
[PlyCount "95"]
[EventDate "2019.01.18"]
[EventType "swiss"]
[EventCountry "GGB"]
[SourceTitle "playchess.com"]
[Source "ChessBase"]
[SourceQuality "1"]
[TimeControl "6600+10"]

1. d4 d5 2. c4 c6 3. Nc3 Nf6 4. e3 Bg4 {[%emt 0:00:45] LiveBook: 119 Games} 5. Qb3 Qb6 {[%emt 0:01:22] D10: Slav Defence: 3 cxd5 (without early Nf3) and 3 Nc3} 6. c5 (6. h3 Bf5 7. g4 Qxb3 8. axb3 Bc2 9. g5 Nfd7 10. cxd5 Bxb3 11. Bg2 Nb6 12. dxc6 Nxc6 13. Nf3 {½-½ (66) Potkin,V (2671)-Vallejo Pons,F (2716) Germany 2011}) 6... Qxb3 7. axb3 Nbd7 8. b4 $146 ({Predecessor:} 8. h3 Bf5 9. Nf3 Ne4 10. Bd2 e5 11. b4 Nxd2 12. Kxd2 e4 13. Nh4 {½-½ (63) Karikas,M (1650)-Horvath,I (1810) Balatonlelle 2009}) 8... a6 {[%emt 0:07:23] [#]} 9. b5 $1 cxb5 10. Bxb5 O-O-O 11. Bd3 Nb8 12. f4 g6 13. b4 Bf5 14. Ke2 Bxd3+ 15. Kxd3 Bg7 16. Nf3 e6 (16... Nc6 $16 {was called for.}) 17. Ne5 Rhf8 18. b5 axb5 19. Nxb5 Ne4 20. Rf1 f5 $2 (20... f6 $16 {was worth a try.}) 21. Na7+ Kc7 {[%emt 0:00:55] [#]} 22. Bd2 $1 Nxd2 23. Nb5+ Kc8 24. Kxd2 Bxe5 25. fxe5 Nc6 26. Rfb1 Kb8 27. Nd6 Rd7 28. Ra6 Rc7 29. Ra4 Re7 $1 $11 30. Nb5 Rd8 31. Nd6 $2 ({White should try} 31. g3 $18) 31... h5 $2 32. Ke2 g5 33. Kf2 h4 34. Ra6 Rc7 {[%emt 0:00:51] [#]} 35. Kf3 (35. Rxc6 $142 $1 Rxc6 36. Nxb7) 35... f4 $2 (35... Rh8 36. Rab6 g4+ 37. Ke2 Rhh7) 36. Rxc6 Rxc6 37. Nxb7 Rf8 38. Na5+ Kc7 39. Nxc6 Kxc6 40. Rb6+ Kd7 41. Rb7+ Kc8 42. Rg7 fxe3+ 43. Kxe3 Rf5 44. Rg6 Kd7 45. Rf6 Kc7 46. g4 hxg3 47. hxg3 Kd7 48. g4 1-0

[Event "Gibraltar Challengers B 2019"]
[Site "Caleta"]
[Date "2019.01.26"]
[Round "1"]
[White "Longa Yauca, Javier"]
[Black "Kozarcanin, Sead"]
[Result "1-0"]
[ECO "D15"]
[WhiteElo "2226"]
[BlackElo "2048"]
[Annotator "NA"]
[PlyCount "49"]
[EventDate "2019.01.18"]
[EventType "swiss"]
[EventCountry "GGB"]
[SourceTitle "playchess.com"]
[Source "ChessBase"]
[SourceQuality "1"]
[TimeControl "6600+10"]

1. d4 d5 2. c4 c6 3. Nf3 Nf6 4. Nc3 a6 5. c5 Nbd7 6. Bf4 Nh5 7. Bd2 g6 {[%emt 0:00:40] LiveBook: 89 Games} 8. g4 {[%emt 0:00:33] D15: Slav Defence: 4 Nc3 a6 and gambit lines after 4 Nc3 dxc4} (8. e4 dxe4 9. Nxe4 Ndf6 10. Nxf6+ exf6 11. Bc4 Qe7+ 12. Be2 Be6 13. O-O Qd7 14. Re1 Ng7 15. Bc3 Be7 {½-½ (40) Kozionov,K (2456)-Volkov,S (2580) Voronezh 2018}) 8... Ng7 $146 ({Predecessor:} 8... Nhf6 9. h3 Bg7 10. Bf4 h5 11. g5 Ne4 12. Qc2 Nxc3 13. Qxc3 O-O 14. e3 e5 15. dxe5 Qe7 {½-½ (39) Vasiliev,V (2350)-Juzbashev,V (2091) Riazan 2010}) 9. Bh6 Qc7 (9... f5 $15) 10. e4 (10. Qd2 $14 {stays ahead.}) 10... Nf6 11. exd5 Nxg4 12. Bxg7 Bxg7 13. Bg2 O-O 14. Qb3 Rd8 15. h3 Nf6 16. dxc6 bxc6 17. Ne5 Be6 18. Qb6 Qxb6 (18... Rac8 $1 $11 {remains equal.}) 19. cxb6 Bd5 20. Nxd5 Nxd5 $4 (20... cxd5 $16 {keeps fighting.} 21. b7 Rab8) 21. b7 Rab8 22. Nxc6 e6 23. Nxd8 Rxd8 24. Bxd5 exd5 $18 25. Rc1 1-0

[Event "Gibraltar Challengers B 2019"]
[Site "Caleta"]
[Date "2019.01.26"]
[Round "1"]
[White "Abdulraheem Abdulrahman Akint"]
[Black "Dasaolu, Rotimi"]
[Result "1-0"]
[ECO "A01"]
[WhiteElo "2224"]
[BlackElo "2038"]
[Annotator "NA"]
[PlyCount "61"]
[EventDate "2019.01.18"]
[EventType "swiss"]
[EventCountry "GGB"]
[SourceTitle "playchess.com"]
[Source "ChessBase"]
[SourceQuality "1"]
[TimeControl "6600+10"]

1. b3 b6 2. Bb2 Bb7 3. Nf3 {[%emt 0:02:06] A01: Nimzowitsch-Larsen Opening} d6 (3... Nf6 4. e3 c5 5. c4 g6 6. Be2 Bg7 7. O-O O-O 8. Nc3 d5 9. cxd5 Nxd5 10. Rc1 Nc6 11. Qc2 Ndb4 12. Qb1 Ba6 13. Bxa6 Nxa6 14. d4 cxd4 15. Nb5 Qd5 16. Nbxd4 Nxd4 17. Bxd4 {0-1 (67) Karjakin,S (2773)-So,W (2780) Saint Louis 2018}) 4. d4 Nf6 5. c4 e6 6. Nc3 g6 $146 ({Predecessor:} 6... Be7 7. d5 O-O 8. e4 a5 9. Be2 e5 10. O-O g6 11. Ne1 {1-0 (30) Flores,D (2450)-Vazquez,M (2087) Buenos Aires 2004}) 7. Qc2 Nbd7 8. O-O-O Qe7 9. Nb5 Bh6+ 10. e3 Be4 11. Bd3 Bxd3 12. Rxd3 Qd8 ({Black should play} 12... O-O $11) 13. Kb1 a6 14. Nc3 d5 (14... O-O $14) 15. cxd5 exd5 16. Ne5 Qe7 17. f4 Qe6 18. g4 Bg7 19. Rf1 Rc8 20. f5 Qd6 21. g5 Nh5 22. fxg6 Nxe5 23. dxe5 Qxg6 24. Nxd5 c5 25. Rd2 Qe6 26. Qd1 Qg6+ 27. Ka1 Qxg5 28. Rg1 Qh6 {[%emt 0:00:12] [#]} 29. Rxg7 $1 Nxg7 30. Nf6+ Ke7 31. Rd7+ 1-0

[Event "Gibraltar Challengers B 2019"]
[Site "Caleta"]
[Date "2019.01.26"]
[Round "1"]
[White "Maisuradze, Nino"]
[Black "Cramling Bellon, Anna"]
[Result "1-0"]
[ECO "E42"]
[WhiteElo "2215"]
[BlackElo "2025"]
[Annotator "NA"]
[PlyCount "79"]
[EventDate "2019.01.18"]
[EventType "swiss"]
[EventCountry "GGB"]
[SourceTitle "playchess.com"]
[Source "ChessBase"]
[SourceQuality "1"]
[TimeControl "6600+10"]

1. d4 Nf6 2. c4 e6 3. Nc3 Bb4 4. e3 b6 5. Nge2 c5 6. a3 Ba5 7. Rb1 Na6 8. Bd2 O-O 9. Qa4 {[%emt 0:03:45] LiveBook: 8 Games E42: Nimzo-Indian: Rubinstein: 4...c5 5 Ne2} (9. Ng3 cxd4 10. exd4 Bxc3 11. bxc3 Nc7 12. Be2 Ba6 13. O-O d5 14. cxd5 Qxd5 15. Bf4 Bxe2 16. Qxe2 Rfc8 17. Rfc1 {0-1 (36) Kasimdzhanov,R (2676)-Heinemann,T (2484) Germany 2018}) 9... cxd4 $146 ({Predecessor:} 9... d5 10. cxd5 exd5 11. Ng3 Bd7 12. Qc2 cxd4 13. Bxa6 dxc3 14. Bxc3 Bxc3+ 15. bxc3 Qe7 {1-0 (59) Lajthajm,B (2422)-Rajkovic,D (2456) Budva 2003}) 10. exd4 Bxc3 11. Nxc3 Nc7 12. Be2 Bb7 13. O-O d5 14. Bf3 Ba6 15. b3 Qe8 16. Rfc1 Qxa4 17. Nxa4 Rfc8 18. Bf4 Nce8 19. Nb2 h6 20. h4 Ne4 21. Bxe4 dxe4 22. a4 Rd8 23. Rd1 Rac8 24. Rbc1 Nd6 25. Bxd6 Rxd6 26. c5 bxc5 27. dxc5 Rxd1+ 28. Nxd1 Rb8 29. c6 Rxb3 30. c7 Bc8 31. Nc3 Rb4 32. Nb5 Rxa4 33. Nd6 Bd7 34. c8=Q+ Bxc8 $18 35. Rxc8+ Kh7 36. Nxf7 Ra1+ 37. Kh2 a5 38. Ne5 Ra2 39. h5 Rxf2 40. Ng6 1-0

[Event "Gibraltar Challengers B 2019"]
[Site "Caleta"]
[Date "2019.01.26"]
[Round "1"]
[White "Rodriguez Perez, Angel Mariano"]
[Black "Kakulidis, Ellen"]
[Result "1-0"]
[ECO "C01"]
[WhiteElo "2204"]
[BlackElo "2021"]
[Annotator "NA"]
[PlyCount "83"]
[EventDate "2019.01.18"]
[EventType "swiss"]
[EventCountry "GGB"]
[SourceTitle "playchess.com"]
[Source "ChessBase"]
[SourceQuality "1"]
[TimeControl "6600+10"]

1. e4 e6 2. d4 d5 3. exd5 exd5 4. Bf4 Nf6 5. Nc3 Bb4 {[%emt 0:01:34] LiveBook: 6 Games C01: French: Exchange Variation} (5... Be7 6. Bd3 O-O 7. Nge2 Nc6 8. a3 a6 {½-½ (8) Pancevski,F (2494)-Nyzhnyk,I (2622) Chicago 2015}) 6. f3 c5 $146 ({Predecessor:} 6... Bxc3+ 7. bxc3 O-O 8. Bd3 Nc6 9. Ne2 Be6 10. O-O Qd7 11. g4 Ne8 12. Qe1 Nd6 {1-0 (39) Jaroch,K (2158)-Szybowicz,P (2006) Chojnice 2008}) 7. Nge2 Nc6 8. Qd2 Be6 9. O-O-O c4 10. Bg5 b5 11. Qf4 Bd6 12. Qe3 b4 ({Black should play} 12... O-O $15) 13. Bxf6 Qa5 14. Bxg7 Rg8 15. Be5 Bxe5 16. dxe5 bxc3 17. Nxc3 Rb8 18. a3 d4 19. Qe4 (19. Rxd4 $142 Qb6 20. Re4 Qxb2+ 21. Kd2) 19... Qb6 20. Na4 Qb5 21. b3 d3 22. Nc3 Qa6 23. a4 {[%emt 0:01:51] [#]} ({But not} 23. Qxh7 $2 Qxa3+ 24. Kd2 Rg6 $19) 23... Ne7 $1 24. bxc4 dxc2 25. Qxc2 Nf5 26. Nb5 Qb6 27. c5 Qa5 28. Nd6+ Nxd6 29. exd6 {[%emt 0:00:41] [#]} Rg5 $1 30. d7+ Bxd7 31. Bc4 Bxa4 32. Qe4+ Kf8 33. Qd4 Kg8 $18 (33... Bxd1 $19 34. Qd6+ Kg7 35. Qxb8 Qc3+ 36. Kxd1 Qd4+ 37. Kc2 Rxc5) 34. Bxf7+ Kxf7 35. Qf4+ Kg6 36. Rd6+ Kg7 37. Qxg5+ Kf8 38. Rf6+ Ke8 39. Qe5+ Kd7 40. Qd6+ Kc8 41. Rf8+ Kb7 42. Rxb8# 1-0

[Event "Gibraltar Challengers B 2019"]
[Site "Caleta"]
[Date "2019.01.26"]
[Round "1"]
[White "Saber, Yasser"]
[Black "Bryn, Askild"]
[Result "0-1"]
[ECO "A42"]
[WhiteElo "2201"]
[BlackElo "2010"]
[Annotator "NA"]
[PlyCount "68"]
[EventDate "2019.01.18"]
[EventType "swiss"]
[EventCountry "GGB"]
[SourceTitle "playchess.com"]
[Source "ChessBase"]
[SourceQuality "1"]
[TimeControl "6600+10"]

1. d4 d6 2. c4 Nd7 3. Nc3 e5 4. Nf3 g6 5. e4 Bg7 6. Be2 Ne7 7. O-O {[%emt 0:00:18] LiveBook: 154 Games} O-O 8. Re1 h6 9. Bf1 {[%emt 0:01:40] A42: Modern Defence: Averbakh Variation} Kh7 (9... exd4 10. Nxd4 Nc6 11. Be3 Nde5 12. f3 Nxd4 13. Bxd4 Be6 14. Nd5 c5 15. Bc3 Nc6 16. Bxg7 Kxg7 {1-0 (42) Le,Q (2718)-Svidler,P (2759) Almaty 2016}) 10. Rb1 f5 11. dxe5 (11. Bg5 $5) 11... dxe5 $146 ({Predecessor:} 11... Nxe5 12. Nxe5 Bxe5 13. Qd2 f4 14. Ne2 g5 15. f3 Ng6 16. Kh1 Qf6 17. b3 g4 18. Bb2 gxf3 19. gxf3 Nh4 20. Bxe5 dxe5 21. Ng1 Rg8 22. Qf2 Be6 {0-1 (22) Moore,G (2071)-Mason,D (2125) Coventry 2017}) 12. exf5 gxf5 13. b3 (13. Nh4 $14) 13... Ng6 (13... e4 $5 14. Nd4 Nc5 $11) 14. Ne2 e4 15. Nfd4 Nde5 16. Ng3 Ng4 17. Nde2 {[%emt 0:14:14] [#]} Qh4 $1 18. h3 {[%emt 0:00:07] [#]} Nxf2 $1 19. Qc2 Nd3 20. Rd1 Be5 21. Nh1 Rg8 22. Rxd3 exd3 23. Qxd3 f4 24. Qe4 Qf6 25. g4 h5 26. Nf2 hxg4 27. hxg4 f3 28. Nh3 fxe2 29. Bxe2 Bd4+ $19 30. Be3 Bxe3+ 31. Qxe3 Qe5 32. Ng5+ Kg7 33. Qd2 Qg3+ 34. Kf1 Rf8+ 0-1

[Event "Gibraltar Challengers B 2019"]
[Site "Caleta"]
[Date "2019.01.26"]
[Round "1"]
[White "Lim, Zhuo Ren"]
[Black "Weeramantry, Sunil"]
[Result "0-1"]
[ECO "E62"]
[WhiteElo "2178"]
[BlackElo "2007"]
[Annotator "NA"]
[PlyCount "138"]
[EventDate "2019.01.18"]
[EventType "swiss"]
[EventCountry "GGB"]
[SourceTitle "playchess.com"]
[Source "ChessBase"]
[SourceQuality "1"]
[TimeControl "6600+10"]

1. d4 Nf6 2. Nf3 g6 3. g3 Bg7 4. Bg2 d6 5. O-O O-O 6. c4 Nc6 {[%emt 0:00:05] LiveBook: 5783 Games} 7. Nc3 Bg4 8. d5 Na5 9. Nd2 c5 10. Qc2 a6 11. h3 {[%emt 0:01:13] E62: King's Indian: Fianchetto: 6...c6 and Panno Variation (6...Nc6) without ...a6} Bd7 12. b3 Rb8 13. Rb1 b5 14. Re1 {[%emt 0:07:38] [#]} bxc4 $146 ({Predecessor:} 14... e5 15. e3 Nh5 16. Ne2 f5 17. Bb2 {1-0 (30) Zoler,D (2503)-Kuzmin,A (2582) Biel 2002}) 15. bxc4 Rxb1 16. Ncxb1 Qc7 17. Bb2 Rb8 18. Bc3 Ne8 19. Bxg7 Nxg7 20. Nc3 Rb6 21. e4 Qb8 22. Rb1 Rxb1+ 23. Ncxb1 e5 24. Qc3 Qb4 25. a3 Qxc3 26. Nxc3 Ne8 27. h4 Nc7 28. Kf1 Na8 29. Ke2 Nb6 30. Kd3 Kf8 31. Bf3 Ke7 32. Bd1 f6 33. Be2 Kf7 34. Ke3 Ke7 35. f4 Bc8 36. Kf3 Bd7 37. g4 exf4 38. g5 Be8 39. Kxf4 Nd7 40. Nf3 Ne5 41. gxf6+ Kxf6 42. Nxe5 dxe5+ 43. Kg3 Nb7 44. Bd3 Nd6 45. Nd1 h5 46. Nb2 g5 47. Kh3 g4+ 48. Kh2 Bg6 49. Na4 Bxe4 50. Nxc5 Bxd3 51. Nxd3 Nxc4 52. Nc5 Kf5 53. Nxa6 Nxa3 54. Kg3 Nc4 55. Nc5 $19 Nd6 56. Kg2 e4 57. Ne6 Ne8 58. Kg3 Ke5 59. Nf4 Nf6 60. d6 Kxd6 61. Nxh5 Nxh5+ 62. Kxg4 Ke5 63. Kxh5 e3 64. Kg6 e2 65. h5 e1=Q 66. h6 Qg3+ 67. Kf7 Qf4+ 68. Kg7 Qg5+ 69. Kh7 Kf6 0-1

[Event "Gibraltar Challengers B 2019"]
[Site "Caleta"]
[Date "2019.01.26"]
[Round "1"]
[White "Nikolaidis, Konstantinos"]
[Black "Skutta, Bernd, Dr."]
[Result "0-1"]
[ECO "A53"]
[WhiteElo "2167"]
[BlackElo "1988"]
[Annotator "NA"]
[PlyCount "84"]
[EventDate "2019.01.18"]
[EventType "swiss"]
[EventCountry "GGB"]
[SourceTitle "playchess.com"]
[Source "ChessBase"]
[SourceQuality "1"]
[TimeControl "6600+10"]

1. e4 d6 2. d4 Nf6 3. f3 e5 4. Ne2 c6 5. c4 Nbd7 {[%emt 0:01:22] LiveBook: 28 Games} 6. Nbc3 Be7 7. Be3 O-O 8. Qd2 a6 9. d5 {[%emt 0:03:27] A53: Old Indian Defence without Nf3} cxd5 10. cxd5 Nh5 (10... b5 11. g4 Nb6 12. Ng3 {1-0 (87) Papaioannou,I (2630)-Danielsen,H (2494) Rijeka 2010}) 11. O-O-O b5 $146 ({Predecessor:} 11... g6 12. g4 Ng7 13. Rg1 b5 14. Kb1 Nb6 15. Nc1 b4 16. N3e2 Nc4 17. Qd3 Nxe3 18. Qxe3 {0-1 (35) Guerra,V (2217)-Galego,L (2424) Oliveira de Azemeis 2001}) 12. g4 Nhf6 13. Ng3 Nb6 14. b3 b4 15. Nce2 Bxg4 16. fxg4 Nxg4 17. Nf5 Bf6 18. Kb1 Nxe3 19. Qxe3 a5 $18 20. Rg1 Kh8 21. Nc1 a4 22. Bb5 axb3 23. axb3 Ra3 24. Rd2 Qc7 25. Ra2 Rc8 26. Rgg2 Rxa2 27. Nxa2 g6 28. Nh6 Bg7 29. Bc6 Qa7 30. Rf2 Bxh6 31. Qxh6 Nxd5 32. Rc2 Ne3 33. Rc1 Qd4 34. Bb7 Qd3+ 35. Ka1 Qd4+ 36. Kb1 Qd3+ 37. Ka1 Qd4+ 38. Kb1 Qd3+ 39. Ka1 Rxc1+ 40. Nxc1 Qc3+ 41. Kb1 Qc2+ 42. Ka1 Qxc1+ 0-1

[Event "Gibraltar Challengers B 2019"]
[Site "Caleta"]
[Date "2019.01.26"]
[Round "1"]
[White "Orndahl, Mats"]
[Black "Adewole, Adeyinka"]
[Result "1/2-1/2"]
[ECO "A47"]
[WhiteElo "2160"]
[BlackElo "1972"]
[Annotator "NA"]
[PlyCount "87"]
[EventDate "2019.01.18"]
[EventType "swiss"]
[EventCountry "GGB"]
[SourceTitle "playchess.com"]
[Source "ChessBase"]
[SourceQuality "1"]
[TimeControl "6600+10"]

1. d4 e6 2. Bf4 Nf6 3. e3 c5 4. c3 b6 5. Nd2 Bb7 6. Ngf3 a6 {[%emt 0:00:39] A47: 1 d4 Nf6 2 Nf3 b6: Torre, London and Colle Systems} (6... Be7 7. h3 O-O 8. Bd3 d6 9. O-O Nc6 10. Bh2 Re8 11. a3 Bf8 12. Qe2 g6 13. Rfd1 a6 14. e4 d5 15. e5 Nd7 16. Bf4 b5 17. Qe3 Rc8 {0-1 (48) Grachev,B (2645)-Fedoseev,V (2733) Sochi 2017}) 7. a4 d5 8. Ne5 $146 ({Predecessor:} 8. h3 Nc6 9. Be2 Bd6 10. Bxd6 Qxd6 11. a5 cxd4 12. exd4 Nxa5 13. b4 Nc4 14. Nxc4 dxc4 15. Bxc4 {0-1 (31) Spacek,O (2184)-Polacik,I (2121) Slovakia 2015}) 8... Nc6 9. Bd3 c4 10. Bb1 b5 11. axb5 axb5 12. Rxa8 Qxa8 13. O-O Qa5 14. Qf3 Nxe5 15. Bxe5 Nd7 16. Bg3 f5 17. Qh5+ g6 18. Qe2 b4 19. cxb4 Bxb4 20. Nf3 h6 21. Ne5 Rg8 22. f3 Nxe5 23. Bxe5 Ba6 24. Rd1 Kd7 25. e4 dxe4 26. fxe4 c3 27. Qf2 cxb2 28. Qxb2 Qa3 29. Qf2 Bb7 30. Kh1 Rc8 31. Bd3 Rc1 32. Qf1 Rxd1 33. Qxd1 Bxe4 34. Bxe4 fxe4 $11 35. h3 Bd6 36. Qb1 Bxe5 37. Qb5+ Ke7 38. Qxe5 Qd3 39. Qc7+ Kf6 40. Qe5+ Kf7 41. Qc7+ Ke8 42. Qc8+ Kf7 43. Qc7+ Kf8 44. Qc8+ 1/2-1/2

[Event "Gibraltar Challengers B 2019"]
[Site "Caleta"]
[Date "2019.01.26"]
[Round "1"]
[White "Jordan Martinez, Miguel"]
[Black "Lutz, Juergen"]
[Result "1-0"]
[ECO "B41"]
[WhiteElo "2142"]
[BlackElo "1960"]
[Annotator "NA"]
[PlyCount "56"]
[EventDate "2019.01.18"]
[EventType "swiss"]
[EventCountry "GGB"]
[SourceTitle "playchess.com"]
[Source "ChessBase"]
[SourceQuality "1"]
[TimeControl "6600+10"]

1. e4 c5 2. Nf3 Nc6 3. c4 e6 4. Nc3 a6 5. Be2 (5. d4 $14) 5... Nf6 6. O-O Be7 7. d4 cxd4 8. Nxd4 Qc7 9. Be3 O-O 10. Rc1 {[%emt 0:01:32] LiveBook: 8 Games B41: Sicilian: Kan Variation: 5 c4} Re8 11. h3 $146 ({Predecessor:} 11. Qd2 d6 12. Rfd1 Bd7 13. f3 Rad8 14. Nd5 exd5 15. cxd5 Qb8 16. dxc6 bxc6 17. Rxc6 d5 18. e5 Bb4 19. Qc1 Qxe5 20. Bf4 Qxd4+ 21. Rxd4 Rxe2 22. Rxb4 Bxc6 23. Qxc6 {1-0 (23) Bistric,F (2488)-Tayeb,S (2240) Abu Dhabi 2004}) 11... d6 12. a3 Bd7 13. b4 Rad8 14. f4 Qb8 15. Bf3 Bf8 16. Nb3 b5 17. cxb5 axb5 18. Qe2 d5 19. e5 Nxe5 20. fxe5 Qxe5 21. Bc5 Bxc5+ $18 22. Nxc5 Qd4+ 23. Kh1 e5 24. Rfd1 Qh4 25. Nxd7 Rxd7 26. Nxd5 Rxd5 27. Bxd5 Nh5 28. Qg4 Qd8 1-0

[Event "Gibraltar Challengers B 2019"]
[Site "Caleta"]
[Date "2019.01.26"]
[Round "1"]
[White "Kandic, Milan"]
[Black "James, Kevin"]
[Result "1-0"]
[ECO "B06"]
[WhiteElo "2136"]
[BlackElo "1948"]
[Annotator "NA"]
[PlyCount "79"]
[EventDate "2019.01.18"]
[EventType "swiss"]
[EventCountry "GGB"]
[SourceTitle "playchess.com"]
[Source "ChessBase"]
[SourceQuality "1"]
[TimeControl "6600+10"]

1. Nf3 g6 2. e4 Bg7 3. d4 d6 4. Nc3 Nd7 5. Bc4 c6 6. O-O {[%emt 0:02:55] B06: Modern Defence} Nb6 7. Bb3 Nf6 8. a4 a5 9. h3 O-O 10. Be3 d5 11. e5 Ne8 12. Qc1 Nc7 13. Bh6 Nc4 $146 ({Predecessor:} 13... Ne6 14. Ne2 {0-1 (38) Feuerstein,A (2365)-Biyiasas,P (2435) New York 1977}) 14. Bxg7 Kxg7 15. Ne2 b5 16. c3 Ba6 17. Re1 Rb8 18. axb5 Rxb5 19. Bxc4 dxc4 20. Nd2 Ne6 21. Nxc4 c5 22. Qd2 Bb7 23. Na3 Rb3 24. Qc2 Qd5 25. f3 c4 26. Rf1 f6 27. exf6+ Rxf6 28. Qd2 Rb6 29. Rab1 g5 30. Nc2 Qb5 31. Ne3 h5 32. Ng3 Nf4 33. Ne4 Bxe4 34. fxe4 a4 35. Nf5+ Kf7 36. h4 e5 37. hxg5 Rxf5 38. exf5 Qd5 39. Rxf4 exf4 40. Qxf4 $18 1-0

[Event "Gibraltar Challengers B 2019"]
[Site "Caleta"]
[Date "2019.01.26"]
[Round "1"]
[White "Berrocal Ruiz, Valentin"]
[Black "Gillis Onieva, Celia"]
[Result "1-0"]
[ECO "D04"]
[WhiteElo "2127"]
[BlackElo "1930"]
[Annotator "NA"]
[PlyCount "75"]
[EventDate "2019.01.18"]
[EventType "swiss"]
[EventCountry "GGB"]
[SourceTitle "playchess.com"]
[Source "ChessBase"]
[SourceQuality "1"]
[TimeControl "6600+10"]

1. d4 Nf6 2. Nf3 c5 3. e3 d5 4. Bd3 Nc6 5. O-O Bg4 6. c3 e6 7. Nbd2 $11 {[%emt 0:01:00] LiveBook: 24 Games} Bd6 8. dxc5 Bxc5 9. e4 O-O 10. Qc2 Qc7 11. h3 Bh5 12. exd5 exd5 13. Nb3 Bb6 14. Nfd4 Rac8 15. Be3 Rfe8 16. Nb5 Qd8 17. Bxb6 axb6 18. Bf5 Ra8 19. N3d4 Ne7 20. a3 Nxf5 21. Qxf5 Bg6 22. Qf4 Re4 23. Qd6 h6 24. Qxd8+ Rxd8 25. f3 Re7 26. Rfe1 Rde8 27. Kf2 Nd7 28. Nc7 Rxe1 29. Rxe1 Rxe1 30. Kxe1 Nc5 31. Kd2 Nd3 32. b3 Nf4 33. g3 Nxh3 34. Nxd5 Ng5 35. Nxb6 Kf8 36. Nc8 Ke8 37. Nd6+ Kd7 38. Nxb7 1-0

[Event "Gibraltar Challengers B 2019"]
[Site "Caleta"]
[Date "2019.01.26"]
[Round "1"]
[White "Alarcon Olmos, Daniel"]
[Black "Nandi, Robin J"]
[Result "1-0"]
[ECO "C77"]
[WhiteElo "2124"]
[BlackElo "1903"]
[Annotator "NA"]
[PlyCount "113"]
[EventDate "2019.01.18"]
[EventType "swiss"]
[EventCountry "GGB"]
[SourceTitle "playchess.com"]
[Source "ChessBase"]
[SourceQuality "1"]
[TimeControl "6600+10"]

1. e4 e5 2. Nf3 Nc6 3. Bb5 a6 4. Ba4 Nf6 5. Qe2 b5 6. Bb3 Be7 7. a4 Rb8 8. axb5 axb5 9. d4 {[%emt 0:01:14] C77: Ruy Lopez: 3...a6 4 Ba4 Nf6, unusual lines} (9. c3 d6 10. d4 exd4 11. Nxd4 Bd7 12. Nxb5 Ne5 13. Ba4 O-O 14. Nd2 d5 15. exd5 Bxb5 16. Qxe5 Bd6 {0-1 (61) Tiviakov,S (2604)-Brunello,S (2552) Trieste 2018}) 9... d6 10. d5 Nb4 11. c3 $146 ({Predecessor:} 11. Nc3 O-O 12. O-O Na6 13. Nxb5 Nc5 14. Nd2 Bd7 15. Nc3 g6 16. Bc4 Nh5 {0-1 (39) Amin,B (2281)-Haddouche,M (2173) Ajelat 2003}) 11... Na6 12. Bc2 O-O 13. b4 c5 14. Ba3 cxb4 15. cxb4 Qc7 ({Black should play} 15... Ra8 $17 16. Bb2 Bg4) 16. O-O Bd7 17. Rc1 Rfc8 18. Nbd2 Qb6 19. Nb3 Rc7 20. Bd3 Rbc8 21. h3 Nh5 22. Qd2 Nf4 23. Rxc7 Rxc7 24. Rc1 g6 25. Bb1 Kg7 26. Bb2 Bf6 27. Rxc7 Qxc7 28. Na5 Kg8 29. Kh2 Bd8 30. Ng1 $19 (30. h4 $11) 30... Qc8 31. Qc3 Qxc3 32. Bxc3 Bb6 33. g3 Nh5 34. Kg2 Kf8 35. Bd3 Ke7 36. Nc6+ Bxc6 37. dxc6 Nc7 38. Ne2 f5 39. exf5 gxf5 40. Bxf5 Nf6 41. h4 Ne6 42. g4 Nd8 43. g5 Nd5 44. Bd2 Nxc6 45. Bxh7 Ncxb4 46. g6 Kf6 47. Bg5+ Kg7 48. h5 Nd3 49. h6+ Kh8 50. Nc3 N3f4+ 51. Kf3 Ne6 52. Nxd5 Nxg5+ 53. Kg4 Nxh7 54. g7+ Kg8 55. Ne7+ Kf7 56. g8=Q+ Kxe7 57. Qxh7+ {[%emt 0:00:01] Bd8 [%emt 00:00:12]} 1-0

[Event "Gibraltar Challengers B 2019"]
[Site "Caleta"]
[Date "2019.01.26"]
[Round "1"]
[White "Vanheirzeele, Daniel"]
[Black "Gostelow, David W"]
[Result "1/2-1/2"]
[ECO "D15"]
[WhiteElo "2112"]
[BlackElo "1850"]
[Annotator "NA"]
[PlyCount "61"]
[EventDate "2019.01.18"]
[EventType "swiss"]
[EventCountry "GGB"]
[SourceTitle "playchess.com"]
[Source "ChessBase"]
[SourceQuality "1"]
[TimeControl "6600+10"]

1. d4 d5 2. c4 c6 3. Nf3 Nf6 4. Nc3 Qb6 5. Qb3 Bf5 6. c5 Qxb3 7. axb3 Nbd7 8. b4 a6 9. b5 cxb5 10. Nxb5 Rc8 11. Nc3 e6 12. Bf4 Be7 13. e3 Nh5 14. Bg5 f6 15. Bh4 g5 16. Bg3 Kf7 $14 17. Be2 Nxg3 18. hxg3 Rc7 19. b4 Rb8 20. O-O h5 21. Nd2 h4 22. e4 dxe4 23. Ndxe4 Bxe4 24. Nxe4 f5 25. Nd2 hxg3 26. fxg3 Nf6 27. Bc4 Rd8 28. Nf3 Nd5 29. Rae1 Bf6 30. Ne5+ Kg7 31. Rf3 1/2-1/2

[Event "Gibraltar Challengers B 2019"]
[Site "Caleta"]
[Date "2019.01.26"]
[Round "1"]
[White "Bottema, Martin"]
[Black "Erdogan, Hassan"]
[Result "1/2-1/2"]
[ECO "A53"]
[WhiteElo "2104"]
[BlackElo "1833"]
[Annotator "NA"]
[PlyCount "57"]
[EventDate "2019.01.18"]
[EventType "swiss"]
[EventCountry "GGB"]
[SourceTitle "playchess.com"]
[Source "ChessBase"]
[SourceQuality "1"]
[TimeControl "6600+10"]

1. d4 Nf6 2. Nf3 d6 3. c4 Bg4 4. Qb3 Qc8 5. g3 Bxf3 {[%emt 0:05:10] A53: Old Indian Defence without Nf3} (5... Nbd7 6. Bg2 e5 7. O-O Be7 8. Nc3 c6 9. Be3 O-O 10. h3 exd4 11. Bxd4 Nc5 12. Bxc5 Bxf3 13. Bxf3 dxc5 {½-½ (26) Shankland,S (2662)-Naroditsky,D (2626) San Francisco 2017}) 6. Qxf3 c6 7. Bg2 $146 ({Predecessor:} 7. Nc3 e5 8. dxe5 dxe5 9. Bg5 Qe6 10. Bxf6 Qxf6 11. Qxf6 gxf6 12. O-O-O Nd7 13. Bh3 {1-0 (57) Miljkovic,M (2390)-Jovanovic,M (2082) Nis 2004}) 7... e5 8. dxe5 dxe5 9. O-O Be7 10. b3 O-O 11. Bb2 Bd6 12. Rd1 Qc7 13. Nd2 Nbd7 14. Nf1 Rad8 15. Ne3 g6 16. Bh3 e4 17. Qg2 Be5 18. Rab1 Bxb2 19. Rxb2 Ne5 20. Qf1 Qa5 $11 21. Qe1 Qxe1+ 22. Rxe1 Nh5 23. Nf1 f5 24. Rbb1 Rd6 25. Red1 Rfd8 26. Ne3 Kf7 27. Kf1 Ng7 28. Rxd6 Rxd6 29. Rd1 1/2-1/2